Map: [ESL] Data-C

Players

TIME (Oliveira) - Winner!

  • Race: Terran Terran

iGCoffeeMs (Coffee)

  • Race: Terran Terran
  • League: Master

Event: DreamHack SC2 Masters 2022 Atlanta (Online)

VOD

Have the link to the VOD?

Description

Time

  • Played on: Oct. 9, 2022, 8:51 a.m.
  • Length: 16:07

All games in this series

Show
View Real Time Build Order
Export as new Build Order

TIME Terran - Winner!

Build Orders:  

Get SALT Encoding   

  12  0:00  SCV  
  13  0:12  SCV  
  14  0:17  Supply Depot  
  14  0:42  Barracks  
  14  0:44  Refinery  
  14  0:54  Barracks  
  14  0:59  SCV  
  15  1:11  SCV  
  16  1:29  Reaper, Orbital Command  
  16  1:31  Refinery  
  17  1:44  Reaper  
  18  1:48  Supply Depot  
  18  1:55  SCV  
  19  2:02  Reaper  
  19  2:07  SCV  
  21  2:16  Reaper  
  21  2:19  SCV  
  23  2:31  SCV  
  23  2:36  Reaper  
  25  2:45  SCV  
  25  2:47  Factory  
  25  2:49  Reaper  
  27  2:58  SCV  
  27  3:01  Supply Depot  
  27  3:11  SCV  
  28  3:21  Command Center  
  28  3:25  SCV  
  29  3:32  Factory Tech Lab  
  29  3:36  Starport  
  29  3:37  SCV  
  30  3:49  SCV  
  30  3:52  Cyclone  
  34  3:55  Refinery  
  34  4:01  SCV  
  35  4:09  Supply Depot  
  35  4:14  Viking  
  37  4:26  SCV  
  37  4:31  Siege Tank  
  41  4:44  Orbital Command  
  41  4:45  SCV  
  37  4:47  Starport Tech Lab  
  37  4:49  Barracks Reactor  
  37  5:01  SCV  
  37  5:03  Command Center  
  37  5:04  Cyclone  
  41  5:11  SCV  
  41  5:13  SCV  
  43  5:15  Raven  
  45  5:23  SCV  
  45  5:25  SCV, Marine x2  
  49  5:35  SCV  
  49  5:37  SCV, Siege Tank  
  54  5:43  Marine x2  
  54  5:45  Supply Depot  
  54  5:47  SCV  
  54  5:49  SCV  
  58  5:58  Raven  
  58  6:00  SCV  
  58  6:01  SCV  
  62  6:06  Barracks, Marine x2  
  62  6:07  Barracks  
  62  6:08  Supply Depot  
  62  6:10  Siege Tank  
  67  6:14  SCV  
  67  6:17  SCV  
  67  6:18  Orbital Command  
  69  6:26  SCV  
  69  6:27  Refinery  
  69  6:28  Marine x2  
  69  6:29  SCV  
  69  6:31  Supply Depot  
  73  6:38  SCV  
  74  6:41  SCV  
  74  6:42  Orbital Command  
  74  6:43  Siege Tank  
  78  6:50  SCV  
  79  6:55  SCV  
  79  6:56  Barracks Reactor x2  
  79  6:58  Viking x2  
  79  6:59  Marine  
  85  7:07  SCV  
  86  7:09  SCV x2  
  86  7:11  Stimpack  
  88  7:17  Supply Depot  
  88  7:19  Supply Depot, SCV  
  88  7:21  SCV  
  90  7:24  Siege Tank  
  90  7:25  SCV  
  94  7:32  SCV  
  94  7:34  Viking x2  
  99  7:40  Marine  
  99  7:44  SCV  
  98  7:45  SCV  
  98  7:47  SCV, Marine x2  
  98  7:49  Supply Depot  
  98  7:50  Marine  
  103  7:54  Supply Depot, Engineering Bay x2, Marine  
  103  7:58  Siege Tank  
  107  8:00  SCV x2  
  107  8:01  SCV  
  107  8:02  Marine  
  107  8:03  Supply Depot  
  111  8:07  Viking  
  111  8:08  Viking  
  111  8:12  SCV x2  
  117  8:13  SCV  
  117  8:15  Marine  
  119  8:23  Marine  
  119  8:26  SCV x2, Marine  
  121  8:28  SCV, Terran Infantry Armor Level 1, Terran Infantry Weapons Level 1  
  121  8:32  Supply Depot  
  112  8:46  Marine x2  
  94  8:49  Marine x2  
  94  8:50  Medivac x2, Siege Tank  
  94  8:51  SCV  
  94  8:53  Marine  
  94  8:54  SCV  
  101  8:59  Refinery x2  
  101  9:01  Barracks  
  101  9:02  Barracks  
  101  9:04  Marine x2  
  97  9:14  Marine  
  97  9:15  Marine x2  
  94  9:19  SCV  
  94  9:21  Marine  
  94  9:22  Marine  
  94  9:23  Siege Tank  
  100  9:24  Command Center, Armory  
  100  9:25  Viking  
  100  9:29  SCV x2  
  104  9:31  Sensor Tower  
  104  9:32  Combat Shield, Marine  
  104  9:33  Marine x2  
  104  9:35  SCV  
  108  9:39  Marine x2  
  108  9:41  SCV  
  108  9:44  Viking  
  113  9:48  SCV x2  
  113  9:50  Barracks Reactor, Supply Depot, Missile Turret, Marine  
  113  9:51  Barracks Reactor  
  116  9:53  SCV  
  116  9:57  Marine  
  116  9:58  Siege Tank  
  116  9:59  Viking  
  123  10:02  Marine x2  
  123  10:04  SCV  
  123  10:05  SCV  
  123  10:06  SCV  
  128  10:08  Marine  
  128  10:11  Marine  
  130  10:15  Marine  
  130  10:19  SCV  
  130  10:20  SCV, Marine  
  130  10:21  Terran Vehicle Weapons Level 1, Marine  
  134  10:23  SCV  
  134  10:24  Terran Infantry Weapons Level 2, Terran Infantry Armor Level 2  
  134  10:26  Marine  
  137  10:29  Viking  
  137  10:30  Marine x2  
  137  10:32  SCV  
  137  10:34  Siege Tank  
  145  10:37  Marine x2  
  145  10:38  Refinery  
  145  10:40  SCV x2  
  145  10:41  Marine  
  145  10:42  Refinery  
  150  10:44  Marine  
  150  10:49  Marine  
  152  10:52  SCV x2  
  152  10:54  Marine  
  152  10:55  Viking  
  157  10:57  Planetary Fortress  
  157  11:03  Supply Depot, Marine x2  
  159  11:07  Medivac, Sensor Tower  
  159  11:08  Siege Tank, Marine  
  159  11:09  Marine  
  159  11:10  Marine x2  
  168  11:21  Factory  
  168  11:22  Command Center, Marine  
  169  11:25  Supply Depot  
  169  11:27  Marine x3  
  169  11:28  Barracks Reactor, Supply Depot  
  169  11:31  Medivac, Marine x3  
  177  11:38  Missile Turret, Marine  
  178  11:40  Marine  
  178  11:44  Marine  
  178  11:47  Siege Tank, Marine x2  
  180  11:49  Marine  
  180  11:53  Marine x2  
  167  11:56  Marine  
  167  11:58  Marine  
  142  12:02  Marine  
  142  12:04  Liberator x2, Marine x2  
  142  12:07  Siege Tank, Marine x3  
  155  12:11  Marine  
  155  12:12  Starport x2  
  155  12:13  Marine  
  155  12:14  Marine  
  158  12:16  Marine  
  158  12:21  Missile Turret  
  158  12:22  Missile Turret  
  159  12:24  Missile Turret  
  159  12:25  Missile Turret, Siege Tank, Marine x2  
  159  12:26  Missile Turret  
  159  12:29  Marine x5  
  168  12:30  Missile Turret  
  168  12:36  Marine  
  170  12:43  Terran Vehicle Weapons Level 2  
  170  12:44  Terran Infantry Weapons Level 3, Terran Infantry Armor Level 3  
  170  12:45  Marine  
  170  12:47  Siege Tank  
  170  12:49  Marine  
  175  12:53  Sensor Tower  
  175  12:57  Marine  
  175  12:58  Marine  
  175  12:59  Marine x2  
  175  13:00  Siege Tank  
  181  13:05  Starport Tech Lab  
  181  13:08  Planetary Fortress  
  181  13:12  Missile Turret, Marine x2  
  183  13:13  Missile Turret  
  183  13:15  Sensor Tower  
  183  13:17  Marine  
  184  13:20  Siege Tank  
  184  13:22  Marine  
  184  13:23  Marine x2  
  190  13:28  Starport Tech Lab  
  190  13:30  Refinery  
  190  13:32  Refinery  
  190  13:37  Marine  
  191  13:42  Siege Tank  
  191  13:45  Raven  
  196  13:48  Marine  
  196  13:49  Marine x2  
  198  14:00  Marine x2  
  198  14:01  Marine x2  
  198  14:02  Marine  
  191  14:05  Marine  
  191  14:06  Marine  
  191  14:07  Siege Tank, Marine, Raven  
  191  14:11  Marine  
  191  14:14  Marine  
  191  14:17  Siege Tank  
  191  14:19  Marine  
  191  14:20  Marine  
  197  14:24  Marine  
  197  14:26  Marine  
  197  14:29  Marine x2  
  197  14:34  Starport  
  197  14:36  Marine  
  192  14:39  SCV x2  
  192  14:40  Barracks x2  
  192  14:41  Command Center  
  192  14:44  Command Center  
  191  14:47  Marine x2  
  191  14:48  Barracks Reactor  
  191  14:49  Barracks Reactor  
  191  14:50  Raven  
  191  14:51  SCV  
  182  14:55  Siege Tank  
  182  14:56  Siege Tank  
  185  15:00  Starport Reactor  
  185  15:02  Refinery  
  185  15:04  Marine x2  
  187  15:08  Missile Turret  
  187  15:09  Missile Turret, Marine x2  
  187  15:10  Missile Turret  
  187  15:11  SCV x3  
  187  15:12  Missile Turret  
  192  15:15  Starport Tech Lab  
  187  15:22  Marine x2  
  187  15:27  Siege Tank  
  187  15:28  Siege Tank  
  192  15:35  Missile Turret  
  188  15:40  Marine  
  172  15:43  Marine x3  
  172  15:47  Marine x2  
Show
View Real Time Build Order
Export as new Build Order

iGCoffeeMs Terran 

Build Orders: Gas First Reaper Expand 

Get SALT Encoding   

  12  0:00  SCV  
  13  0:12  SCV  
  14  0:17  Supply Depot  
  14  0:24  SCV  
  14  0:27  Refinery  
  15  0:39  SCV  
  16  0:44  Barracks  
  16  0:51  SCV  
  17  1:03  SCV  
  18  1:15  SCV  
  19  1:31  Reaper, Orbital Command  
  20  1:44  Command Center  
  20  1:53  Factory  
  20  1:57  SCV  
  21  2:07  Barracks Reactor, Supply Depot  
  21  2:10  SCV  
  21  2:14  Refinery  
  22  2:22  SCV  
  23  2:34  SCV  
  22  2:41  Hellion  
  22  2:44  Reaper  
  24  2:47  SCV  
  25  2:56  Orbital Command  
  25  2:59  SCV  
  25  3:03  Hellion  
  28  3:11  SCV  
  29  3:14  Reaper  
  29  3:16  Reaper  
  29  3:18  Orbital Command  
  31  3:23  Starport  
  31  3:26  SCV  
  32  3:30  Hellion  
  34  3:38  SCV  
  35  3:43  Supply Depot, SCV  
  36  3:52  Reaper x2  
  36  3:54  Hellion  
  40  3:56  SCV  
  40  3:57  SCV  
  40  4:00  Medivac  
  44  4:06  Supply Depot  
  44  4:09  Refinery  
  44  4:10  SCV  
  44  4:11  SCV  
  46  4:19  Factory Tech Lab  
  46  4:22  SCV  
  46  4:23  SCV  
  47  4:35  Starport Tech Lab  
  47  4:36  Marine  
  47  4:45  SCV x2  
  47  4:50  Cyclone  
  50  4:57  SCV x2, Marine x2  
  50  4:58  Command Center  
  50  4:59  Raven  
  54  5:09  SCV x2  
  56  5:15  Marine x2  
  56  5:21  SCV x2  
  60  5:24  Supply Depot  
  60  5:33  SCV x2  
  62  5:35  Supply Depot  
  62  5:38  Supply Depot  
  62  5:46  Raven, Marine x2, Siege Tank  
  62  5:47  SCV  
  62  5:49  Refinery  
  70  5:53  Barracks  
  70  5:55  Barracks  
  70  5:57  SCV  
  71  6:06  Marine x2  
  71  6:08  SCV  
  71  6:09  SCV  
  71  6:10  Orbital Command  
  75  6:15  Engineering Bay  
  75  6:16  Engineering Bay  
  75  6:20  SCV  
  75  6:21  SCV, Siege Tank  
  80  6:32  SCV  
  81  6:33  SCV  
  81  6:38  Viking x2  
  86  6:43  Barracks Reactor x2  
  86  6:44  Stimpack, Marine  
  87  6:48  SCV x3  
  87  6:49  Barracks  
  87  6:51  Barracks  
  87  6:52  Terran Infantry Armor Level 1, Terran Infantry Weapons Level 1  
  90  6:57  Supply Depot  
  90  7:00  Supply Depot, SCV  
  91  7:06  Siege Tank  
  92  7:09  SCV  
  92  7:10  SCV  
  96  7:16  Viking x2  
  96  7:17  SCV  
  96  7:21  SCV  
  100  7:30  Marine  
  100  7:42  Siege Tank  
  100  7:43  Marine x3  
  89  7:44  SCV x2  
  89  7:45  Barracks Reactor, SCV  
  89  7:46  Viking x2  
  96  7:51  Refinery x2  
  96  7:56  SCV, Marine  
  96  7:57  SCV  
  100  7:58  Marine  
  100  7:59  Barracks Reactor  
  100  8:00  SCV  
  100  8:03  Sensor Tower  
  100  8:04  Command Center  
  101  8:07  Marine x3  
  101  8:09  SCV x2  
  101  8:12  SCV, Armory  
  106  8:14  Marine  
  107  8:25  Marine x3  
  107  8:26  Marine  
  104  8:28  Medivac x2  
  104  8:30  SCV x2  
  103  8:47  Marine x2  
  94  8:50  Marine x5  
  94  8:51  Marine  
  94  8:53  Marine  
  94  8:55  SCV, Siege Tank  
  101  8:56  SCV  
  101  8:58  SCV  
  101  9:02  Barracks  
  102  9:03  Barracks  
  102  9:04  Barracks  
  102  9:05  Marine x2  
  102  9:07  Supply Depot  
  102  9:08  SCV  
  105  9:15  Marine  
  92  9:18  Marine x3  
  92  9:19  Medivac  
  92  9:20  Medivac, Combat Shield  
  92  9:21  Marine x3  
  92  9:23  Marine x2  
  100  9:25  Planetary Fortress  
  100  9:26  SCV  
  100  9:27  SCV, Terran Infantry Weapons Level 2  
  100  9:31  SCV  
  103  9:35  Terran Infantry Armor Level 2, Marine  
  103  9:36  Marine x2  
  106  9:39  SCV x2  
  106  9:43  SCV, Missile Turret, Marine x2  
  106  9:44  Marine x3  
  114  9:47  Siege Tank  
  114  9:52  Barracks Reactor x2  
  117  9:55  Barracks Reactor, Refinery x2  
  117  9:57  SCV x2  
  118  10:01  Marine x2  
  118  10:02  Marine  
  118  10:03  SCV x2  
  118  10:05  Sensor Tower  
  123  10:09  Marine x5  
  123  10:10  Marine  
  123  10:13  Terran Vehicle Weapons Level 1  
  129  10:18  Medivac x2, Marine  
  129  10:19  Marine  
  135  10:23  Marine  
  135  10:24  Siege Tank  
  135  10:27  Marine x2  
  140  10:33  Supply Depot x2  
  140  10:40  Marine x3  
  140  10:41  Missile Turret, Marine x5  
  148  10:46  Marine  
  148  10:50  Missile Turret, Marine  
  148  10:52  Missile Turret  
  148  10:54  Marine x4  
  148  10:56  SCV x3  
  156  10:58  Supply Depot  
  156  11:01  Supply Depot  
  156  11:04  Missile Turret, Siege Tank  
  159  11:07  Factory  
  159  11:08  Marine x2  
  160  11:13  Marine x4  
  160  11:15  Barracks Reactor  
  164  11:19  Marine  
  164  11:22  Supply Depot  
  164  11:23  Supply Depot, Marine x4  
  169  11:35  Marine x3  
  169  11:38  Marine x2  
  173  11:40  Command Center, Siege Tank  
  173  11:44  Medivac x2  
  173  11:45  Marine x2  
  182  11:53  Marine  
  182  11:54  Marine x4  
  148  11:58  Marine  
  148  12:00  Marine x2  
  148  12:01  Marine  
  128  12:02  Marine  
  128  12:05  Siege Tank  
  128  12:07  SCV x2  
  131  12:10  Terran Vehicle Weapons Level 2  
  131  12:13  Terran Infantry Weapons Level 3, Terran Infantry Armor Level 3  
  131  12:14  Medivac  
  131  12:15  Marine x4  
  136  12:21  Siege Tank  
  140  12:23  SCV x2  
  140  12:28  Marine x7  
  149  12:34  Medivac  
  149  12:36  Marine x6  
  157  12:44  Medivac, Starport  
  157  12:46  Starport  
  157  12:47  Marine x5  
  164  12:52  Siege Tank  
  164  12:54  Planetary Fortress  
  159  12:59  Marine x4  
  159  13:00  Marine  
  159  13:01  Marine x2  
  159  13:04  Refinery x2, Marine  
  167  13:09  Marine x2  
  167  13:10  Marine  
  170  13:18  Marine x4  
  170  13:19  Siege Tank  
  177  13:25  Starport Tech Lab x2  
  177  13:29  Command Center x2  
  177  13:33  Sensor Tower, Marine x3  
  177  13:34  Marine  
  181  13:35  Siege Tank  
  181  13:38  Medivac x2  
  180  13:56  Marine x4  
  180  13:57  Marine x6  
  180  14:02  Marine x2  
  164  14:03  Marine x2  
  164  14:08  Marine  
  164  14:09  Marine  
  142  14:14  Marine x8  
  121  14:22  Raven x2  
  112  14:25  Marine x6  
  112  14:26  Marine  
  112  14:27  SCV x2, Marine  
  117  14:32  Marine x5  
  117  14:34  Marine x3  
  117  14:37  SCV x2  
  126  14:38  Orbital Command  
  126  14:42  Marine  
  127  14:45  Marine  
  127  14:46  Marine x3  
  127  14:47  Marine x3  
  114  15:01  Medivac x2  
  114  15:04  Raven, Marine x3  
  123  15:20  Marine  
  124  15:21  Marine x2  
  126  15:31  Medivac x2  
  126  15:34  Marine x8  
  131  15:38  Marine x2  
  131  15:39  Marine  
  124  15:43  Marine x2  
Tags
 
Add a new tag
Caveats
  • Supply blocks, unpowered buildings, or Contaminate may cause inaccurate times.
  • Supply counts are checked every 10 seconds.